 Dungeon Crawl Stone Soup version 0.27.1 (webtiles) character file.

Game seed: 16899329725595891520

2645 shadowrider38 the Spear-Bearer (level 9, 0/64 (77) HPs)
             Began as a Merfolk Gladiator on Aug 24, 2021.
             Was a Priest of Okawaru.
             Engulfed by a steam dragon's steam (5 damage)
             ... summoned by an orange crystal statue
             ... on level 8 of the Dungeon.
             The game lasted 00:44:02 (12627 turns).

shadowrider38 the Spear-Bearer (Merfolk Gladiator) Turns: 12627, Time: 00:44:02

HP:   0/64 (77)     AC: 14    Str: 17      XL:     9   Next: 62%
MP:   7/9           EV: 11    Int:  4 (7)  God:    Okawaru [***...]
Gold: 325           SH:  6    Dex: 16      Spells: 8/8 levels left

rFire    . . .     SeeInvis +   a - +0 trident
rCold    . . .     Faith    +   z - +0 buckler
rNeg     . . .     Spirit   .   k - +0 chain mail
rPois    .         Reflect  .   c - +0 helmet
rElec    .         Harm     .   C - +0 cloak
rCorr    .         Rampage  .   x - +0 pair of gloves
Will     .....                  h - +0 pair of boots
Stlth    ..........             v - amulet of faith
HPRegen  0.20/turn              D - ring of flight
MPRegen  0.11/turn              m - ring of see invisible

@: lethally poisoned (0 -> -2), heroic, flying, slowed, heavily drained, very
slow
A: (nimble swimmer 2), mertail
a: Renounce Religion, Heroism


You were on level 8 of the Dungeon.
You worshipped Okawaru.
Okawaru was most pleased with you.
You visited 2 branches of the dungeon, and saw 10 of its levels.

You collected 325 gold pieces.

Inventory:

Hand Weapons
 a - a +0 trident (weapon)
 b - a +0 hunting sling
 o - a +0 rapier of speed
 F - a +0 halberd
Missiles
 d - a throwing net (quivered)
 e - 244 stones
 f - 13 poisoned darts
 i - 4 atropa-tipped darts
 j - 7 curare-tipped darts
 p - 6 boomerangs
Armour
 c - a +0 helmet (worn)
 h - a +0 pair of boots (worn)
 k - a +0 chain mail (worn)
 x - a +0 pair of gloves (worn)
 z - a +0 buckler (worn)
 C - a +0 cloak (worn)
 E - the +2 cloak of the Thief {*Fog Slay-2 SInv Stlth+}
   (You found it on level 7 of the Dungeon)

   It may release a thick cloud of smoke when the wearer is hurt.
   Slay:      It affects your accuracy & damage with ranged weapons and melee
   (-2).
   SInv:      It lets you see invisible.
   Stlth:     It makes you more stealthy.
 G - a +2 leather armour of cold resistance
Jewellery
 m - a ring of see invisible (right hand)
 v - an amulet of faith (around neck)
 D - a ring of flight (left hand)
Wands
 n - a wand of digging (6)
 u - a wand of iceblast (5)
Scrolls
 g - a scroll of noise
 q - a scroll of enchant weapon {unknown}
 r - 3 scrolls of immolation
 w - a scroll of amnesia
 y - a scroll of fear {unknown}
 B - a scroll of fog {unknown}
Potions
 l - a potion of flight
 s - a potion of mutation
 A - a potion of attraction


   Skills:
 + Level 9.4(14.4) Fighting
 + Level 12.5(17.5) Polearms
 - Level 2.0(7.0) Throwing
 - Level 4.5(9.5) Dodging
 - Level 4.0(9.0) Shields


You had 8 spell levels left.
You didn't know any spells.
Your spell library contained the following spells:

 Spells                   Type           Power      Damage    Failure   Level
 Static Discharge         Conj/Air       0%         N/A       100%        2
 Dispel Undead            Necr           0%         3d6       100%        4
 Sticky Flame             Conj/Fire      0%         2d3       100%        4


Dungeon Overview and Level Annotations

Branches:
Dungeon (9/15)             Temple (1/1) D:5
   Lair: D:8-11         Orc: D:9-12

Altars:
Dithmenos
Elyvilon
Fedhas
Gozag
Kikubaaqudgha
Makhleb
Nemelex Xobeh
Okawaru
Qazlal
Ru
Sif Muna
Uskayaw
Vehumet
Wu Jian
Xom
Yredelemnul
Zin
The Shining One

Shops:
D:1 !   D:2 ?   D:5 (   D:8 [

Annotations:
D:4 3 runed translucent doors, AlmostDecent's ghost, amateur GrFi; comborobin's ghost, novice PaWr
D:8 exclusion: 4 orange crystal statues
D:9 Psyche


Innate Abilities, Weirdness & Mutations

((You are quick and stealthy near water. (Stealth+, EV+, Speed+++)))
Your lower body shifts to a powerful aquatic tail in water.


Message History

You are more poisoned.
You feel as though you will be slow longer.
The hornet stings you but does no damage.
You hit the hornet.
You kill the hornet!
The hornet's corpse dissolves into shadows!
You feel very sick.
You hit the steam dragon but do no damage.
You feel very sick.
You hit the steam dragon.
The steam dragon is lightly wounded.
You feel sick. You block the steam dragon's attack.
The steam dragon claws you but does no damage.
You gain the combat prowess of a mighty hero.
You feel very sick. The steam dragon breathes steam at you.
The ball of steam hits you!
* * * LOW HITPOINT WARNING * * *
The steam dragon barely misses you. You block the steam dragon's attack.
Okay, then.
Okay, then.
You impale the steam dragon!!
The steam dragon is severely wounded.
You are engulfed in a cloud of scalding steam.
You feel sick. You block the steam dragon's attack.
The steam dragon claws you but does no damage.
You hit the steam dragon.
The steam dragon is almost dead.
You are engulfed in a cloud of scalding steam.
You feel sick. The steam dragon completely misses you.
The steam dragon claws you but does no damage.
You closely miss the steam dragon.
The steam dragon is almost dead.
You are engulfed in a cloud of scalding steam.
* * * LOW HITPOINT WARNING * * *
You feel sick.
You hit the steam dragon but do no damage.
The steam dragon is almost dead.
You are engulfed in a cloud of scalding steam.
You die...

## ...[... #. #
..... #..#
#..#Z#D..#.#..#
##..#8.....8#..#
....####'####..#
#.....y......#
##
##..#....#....
.#
#...#..##Z####.#
#.#......ZD@§§.#
#.#.#########.§#
#...# .... #..#
##.)#..^....#..#
#..#.......#..#
#..^..._...#..#
#..#.......#..#
#(.#.......#..#
#..# ..... #..#


You could see a steam dragon (summoned, catching breath) and 2 killer bee
zombies.

Vanquished Creatures
  Prince Ribbit (D:6)
  Menkaure (D:6)
  A water moccasin (D:7)
  An orc warrior (D:6)
  4 ogres
  A kobold brigand (D:6)
  4 bullfrogs
  2 scorpions (D:6)
  A wyvern skeleton (D:5)
  15 wights
  A centaur zombie (D:6)
  A hound (D:4)
  2 bullfrog skeletons (D:5)
  A gnoll shaman (D:7)
  A jelly (D:6)
  An iguana (D:4)
  A centaur skeleton (D:7)
  7 orc wizards
  A hound skeleton (D:4)
  A mummy (D:6)
  3 gnolls
  10 adders
  A shadow imp (D:6)
  A white imp (D:6)
  An adder skeleton (D:4)
  A worm (D:2)
  18 orcs
  7 endoplasms
  7 giant cockroaches
  8 goblins
  4 hobgoblins
  6 jackals
  A quokka (D:1)
  5 ball pythons
  3 bats
  3 frilled lizards
  A hobgoblin zombie (D:6)
  4 kobolds
  An orc zombie (D:6)
  10 rats
  A spectral orc (D:4)
144 creatures vanquished.

Vanquished Creatures (others)
  A fungus (D:1)
  6 withered plants (D:4)
7 creatures vanquished.

Grand Total: 151 creatures vanquished

Notes
Turn   | Place    | Note
-------+----------+-------------------------------------------
     0 | D:1      | shadowrider38 the Merfolk Gladiator began the quest for the
                  | Orb.
     0 | D:1      | Reached XP level 1. HP: 16/16 MP: 1/1
    82 | D:1      | Reached XP level 2. HP: 21/23 MP: 2/2
   268 | D:1      | Reached skill level 5 in Polearms
   670 | D:1      | Found Zoawnuyn's Distillery.
   681 | D:1      | Found a faded altar of an unknown god.
  1208 | D:2      | Reached XP level 3. HP: 29/29 MP: 3/3
  1397 | D:2      | Found Qaux's Magic Scroll Boutique.
  2097 | D:2      | Reached XP level 4. HP: 35/35 MP: 4/4
  2882 | D:3      | Reached skill level 6 in Polearms
  3561 | D:3      | Reached XP level 5. HP: 39/42 MP: 5/5
  3817 | D:4      | Found a runed translucent gate.
  3817 | D:4      | Found a runed translucent gate.
  3817 | D:4      | Found a runed translucent gate.
  3955 | D:4      | Noticed an ogre
  4517 | D:4      | Reached skill level 7 in Polearms
  4695 | D:4      | Reached XP level 6. HP: 50/50 MP: 6/6
  4881 | D:4      | Noticed AlmostDecent's ghost (amateur GrFi)
  4881 | D:4      | Noticed comborobin's ghost (novice PaWr)
  4946 | D:4      | Reached skill level 5 in Fighting
  5565 | D:4      | Reached skill level 8 in Polearms
  5893 | D:4      | Reached XP level 7. HP: 57/57 MP: 7/7
  6156 | D:4      | Found a basalt altar of Yredelemnul.
  6236 | D:5      | Entered Level 5 of the Dungeon
  6277 | D:5      | Found a staircase to the Ecumenical Temple.
  6731 | D:5      | Reached skill level 9 in Polearms
  6892 | Temple   | Entered the Ecumenical Temple
  6910 | Temple   | Became a worshipper of Warmaster Okawaru
  7156 | D:5      | Reached skill level 1 in Shields
  7184 | D:5      | Found Goci Guidd's Weapon Shoppe.
  7734 | D:6      | Reached XP level 8. HP: 48/65 MP: 8/8
  7783 | D:6      | Reached * piety under Okawaru
  7961 | D:6      | Noticed Menkaure
  7977 | D:6      | Killed Menkaure
  8145 | D:6      | Noticed Prince Ribbit
  8183 | D:6      | Reached skill level 10 in Polearms
  8189 | D:6      | Killed Prince Ribbit
  9043 | D:7      | Reached ** piety under Okawaru
  9074 | D:7      | Reached skill level 11 in Polearms
  9166 | D:7      | Found the +2 cloak of the Thief {*Fog Slay-2 SInv Stlth+}
  9193 | D:7      | Reached XP level 9. HP: 62/74 MP: 9/9
  9317 | D:7      | Found a burning altar of Makhleb.
  9317 | D:7      | Noticed a blizzard demon
  9422 | D:7      | Noticed a hellwing
  9422 | D:7      | Noticed a hellwing
 11002 | D:8      | Reached skill level 12 in Polearms
 11528 | D:8      | Reached *** piety under Okawaru
 11698 | D:8      | Found Secaridgh's Antique Armour Shop.
 12073 | D:9      | Noticed Psyche
 12075 | D:9      | Noticed a two-headed ogre
 12377 | D:8      | Found an ancient bone altar of Kikubaaqudgha.
 12392 | D:8      | Found a runed translucent door.
 12398 | D:8      | Found the +10 tower shield of Ignorance {rN+ Int-4}
 12401 | D:8      | Noticed an orange crystal statue
 12401 | D:8      | Noticed an orange crystal statue
 12401 | D:8      | Noticed an orange crystal statue
 12401 | D:8      | Noticed an orange crystal statue
 12603 | D:8      | Noticed a hornet
 12627 | D:8      | Engulfed by a steam dragon's steam

Illustrated notes

Levels and vault maps discovered:
D:1:      dpeg_arrival_prison, layout_basic, serial_shops, shop,
          ebering_ecumenical_altar_abandoned
D:2:      layout_loops_cross, serial_shops, nicolae_shop_waterfront,
          minmay_misc_feat_square, chequers_serial_rivers_micro_e
D:3:      layout_rooms, grunt_ministairs_15, hex_large
D:4:      layout_cave_pools, yredelemnul_forgotten_temple_becter,
          gammafunk_ghost_cemetery, serial_forest, infiniplex_forest_zigzag_2,
          infiniplex_forest_lined_2, infiniplex_forest_clump_double,
          infiniplex_forest_lined_4_way, infiniplex_forest_straight_4,
          infiniplex_forest_end_double, infiniplex_forest_side_room,
          infiniplex_forest_lined_room_, infiniplex_forest_straight_4
D:5:      layout_rooms, temple_doors_e,
          hangedman_abyss_or_decor_jellyfish_corner, minmay_liquid_box,
          nicolae_take_the_stairs
D:6:      layout_gridville, nicolae_ossuary_entry_giza, dk_noncrumbling_2,
          uniq_prince_ribbit1, uniq_menkaure
D:7:      layout_basic, makhleb_altar_promises_db
D:8:      nzn_winding_woodlands_medium [nzn_winding_woodlands_5x5_cross,
          nzn_winding_woodlands_5x15_river_crossing,
          nzn_winding_woodlands_5x5_perimeter,
          nzn_winding_woodlands_5x5_closed_star,
          nzn_winding_woodlands_center_triple_pond,
          nzn_winding_woodlands_5x5_checkerboard,
          nzn_winding_woodlands_5x5_default, nzn_winding_woodlands_5x15_twine,
          nzn_winding_woodlands_hourglass], layout_rooms, lemuel_tele_altar,
          cheibriados_altar_1, trog_book, serial_shops, nicolae_lakefront_shop,
          chequers_guarded_unrand_ignorance
D:9:      layout_small_grid, lemuel_crystal_altar, uniq_psyche
Temple:   minmay_freezing_vapour_temple

Skill      XL: |  1  2  3  4  5  6  7  8  9 |
---------------+----------------------------+-----
Polearms       | 5 6 7 8 9 11 12 | 12.5
Fighting       | 3 4 5 6 8 9 |  9.4
Shields        | 4 |  4.0
Throwing       | |  2.0
Dodging        | |  4.5

Action                   |  1- 3 |  4- 6 |  7- 9 || total
-------------------------+-------+-------+-------++-------
Melee: Trident           |    99 |   187 |   516 ||   802
 Fire: Hunting sling     |    20 |    23 |     6 ||    49
Throw: Throwing net      |     1 |       |     3 ||     4
Invok: Heroism           |       |       |     1 ||     1
  Use: Scroll            |       |     6 |    10 ||    16
       Potion            |       |     1 |     5 ||     6
 Stab: Held in net/web   |       |       |     2 ||     2
Armor: Leather armour    |     3 |       |       ||     3
       Chain mail        |    30 |    96 |   109 ||   235
Dodge: Dodged            |    29 |    61 |    94 ||   184
Block: Buckler           |       |       |    67 ||    67
